 Dungeon Crawl Stone Soup version 0.23-a0-290-g290e36d (webtiles) character file.

438 Amnesiac the Sneak (level 6, 27/27 HPs)
             Began as a Felid Earth Elementalist on Oct 3, 2018.
             Was a Follower of Dithmenos.
             Quit the game on level 5 of the Dungeon.
             The game lasted 00:14:11 (6581 turns).

Amnesiac the Sneak (Felid Earth Elementalist)       Turns: 6581, Time: 00:14:12

Health: 27/27      AC:  6    Str:  4    XL:     6   Next: 69%
Magic:  10/10      EV: 20    Int: 19    God:    Dithmenos [*.....]
Gold:   224        SH:  0    Dex: 16    Spells: 2/9 levels left
                                        Lives:  1   Deaths: 1

rFire    . . .     SeeInvis +     - Unarmed
rCold    . . .     Gourm    .   (shield unavailable)
rNeg     . . .     Faith    .   (armour unavailable)
rPois    .         Spirit   .   (helmet unavailable)
rElec    .         Reflect  .   (cloak unavailable)
rCorr    .         Harm     .   (gloves unavailable)
MR       .....                  (boots unavailable)
Stlth    +++.......             f - amulet of rage
HPRegen  0.09/turn              g - ring of attention (curse)
MPRegen  0.12/turn              h - +4 ring of protection

@: wreathed by umbra, quick
A: very small, no armour, no weapons or thrown items, stealth, claws 1, fangs 3,
see invisible, carnivore, speed 1, shaggy fur 2, slow metabolism 1, sharp paws
a: Renounce Religion, Evoke Berserk Rage


You were on level 5 of the Dungeon.
You worshipped Dithmenos.
Dithmenos was aware of your devotion.
You were not hungry.

You visited 2 branches of the dungeon, and saw 6 of its levels.

You collected 224 gold pieces.

Inventory:

Missiles
 b - 13 stones
Jewellery
 f - an amulet of rage (around neck)
 g - a cursed ring of attention (left paw)
 h - a +4 ring of protection (right paw)
Scrolls
 a - a scroll of teleportation {!r}
 e - a scroll of magic mapping {!r}
Potions
 j - a potion of agility {!q}
 k - a potion of magic {!q}
 l - a potion of heal wounds {!q, unknown}
Comestibles
 c - 12 rations
 d - a chunk of flesh


   Skills:
 + Level 2.4 Fighting
 - Level 4.4 Dodging
 + Level 5.2 Stealth
 * Level 5.1 Unarmed Combat
 - Level 2.0 Spellcasting
 + Level 3.5 Transmutations
 - Level 4.0 Earth Magic


You had 2 spell levels left.
You knew the following spells:

 Your Spells              Type           Power        Failure   Level  Hunger
a - Sandblast             Erth           ###...       3%          1    #......
b - Passwall              Tmut/Erth      ###.....     5%          2    ###....
e - Petrify               Tmut/Erth      ###.....     34%         4    #####..

Your spell library contained the following spells:

 Spells                   Type           Power        Failure   Level  Hunger
 Stone Arrow              Conj/Erth      #.....       22%         3    ###....
 Lee's Rapid Deconstruct  Erth           ###.......   65%         5    ######.


Dungeon Overview and Level Annotations

Branches:
Dungeon (5/15)             Temple (1/1) D:4

Altars:
Ashenzari
Dithmenos
Elyvilon
Fedhas
Hepliaklqana
Kikubaaqudgha
Makhleb
Nemelex Xobeh
Qazlal
Ru
Trog
Uskayaw
Vehumet
Xom
Yredelemnul
Zin
The Shining One

Annotations:
D:5 exclusion: centaur


Innate Abilities, Weirdness & Mutations

You cannot wear armour.
You are incapable of wielding weapons or throwing items.
Your paws allow you to move quietly. (Stealth)
You have sharp claws.
You have razor-sharp teeth.
You have supernaturally acute eyesight. (SInv)
You are carnivorous and can eat meat at any time.
You cover ground quickly.
You are covered in thick fur. (AC +2)
You have a slow metabolism.
Your sharp claws are effective at attacking unaware monsters.


Message History

The giant cockroach barely misses you.
You scratch the giant cockroach.
You bite the giant cockroach, but do no damage.
The giant cockroach is almost dead.
The giant cockroach bites you.
You scratch the giant cockroach but do no damage.
The giant cockroach is almost dead.
The giant cockroach bites you but does no damage.
You barely miss the giant cockroach.
The giant cockroach is almost dead.
The giant cockroach completely misses you.
You scratch the giant cockroach.
You kill the giant cockroach!
Dithmenos accepts your kill.
No target in view!
Things that are here:
a giant cockroach corpse; a scorpion corpse You butcher the giant cockroach corpse.
d - 2 chunks of flesh (gained 1)
You see here a scorpion corpse.
You start resting.
Eating one of 2 chunks of flesh.
You eat one of the 2 chunks of flesh.
This raw flesh tastes great.
HP restored.
You start resting.
Your magical contamination has completely faded away.
You now have 224 gold pieces (gained 14).
You see here a scorpion corpse.
Key pressed, stopping explore.
Magic restored.
The alarm trap emits a blaring wail!
A sentinel's mark forms upon you.
You hear a shout!
Found an escape hatch in the ceiling.
The centaur is too close now for your liking.
A centaur is nearby!
Casting: Petrify (quite dangerous; 36% risk of failure)
Confirm with . or Enter, or press ? or * to list all spells.
Aiming: Petrify (quite dangerous; 36% risk of failure)
Press: ? - help, Shift-Dir - straight line, f - centaur
Aim: a centaur (chance to defeat MR: 46%)
The centaur resists with some effort.
The centaur wields a shortbow.
The centaur shoots an arrow.
The arrow closely misses you.
Unknown command.
Casting: Petrify (quite dangerous; 36% risk of failure)
Confirm with . or Enter, or press ? or * to list all spells.
Aiming: Petrify (quite dangerous; 36% risk of failure)
Press: ? - help, Shift-Dir - straight line, f/p - centaur
Aim: a centaur, wielding a shortbow (chance to defeat MR: 46%)
The centaur resists with some effort.
The centaur shoots an arrow.
The arrow misses you.
The centaur shoots an arrow.
The arrow hits you!
Unknown command.
Really read
a - 2 scrolls of teleportation {!r}?
As you read the scroll of teleportation {!r}, it crumbles to dust.
You feel strangely unstable.
The sentinel's mark upon you fades away.
The centaur shoots an arrow.
The arrow hits you!
Ouch! That really hurt!
* * * LOW HITPOINT WARNING * * *
The centaur shoots an arrow.
The arrow misses you.
The centaur shoots an arrow.
The arrow hits you!
You die...
You are now level 6!
You rejoin the land of the living...
Are you sure you want to abandon this character and quit the game? (Confirm

# ##.....................#### #
####.................##.....## #
##........##.........####...... #
#.........###........# ###....
##.........# ####..#### ###..
##.........)## #### ###
.............#### ### #
................######.##########
................@............c...
...............####.........#####
#..............# ##...(.......##
#..............# #....(........#
##............## #......(......#
#............# #....(........#
###........### #............##
####....## ##..........## ######
##.......###


There were no monsters in sight!

Vanquished Creatures
  Eustachio (D:4)
  An ice beast (D:5)
  A phantom (D:5)
  A scorpion (D:5)
  A crimson imp (D:5)
  2 hounds
  A centaur zombie (D:5)
  An orc wizard (D:4)
  An iguana (D:5)
  2 worker ants
  Natasha (thrice) (D:4)
  3 gnolls (D:4)
  7 adders
  2 worms
  4 leopard geckos
  8 orcs
  6 bats
  8 giant cockroaches
  5 goblins
  8 hobgoblins
  9 jackals
  2 quokkas
  3 ball pythons
  A frilled lizard (D:2)
  2 kobolds (D:1)
  5 rats (D:1)
88 creatures vanquished.

Vanquished Creatures (collateral kills)
  A leopard gecko (D:5)
1 creature vanquished.

Grand Total: 89 creatures vanquished

Notes
Turn   | Place    | Note
-------+----------+-------------------------------------------
     0 | D:1      | Amnesiac the Felid Earth Elementalist began the quest for
                  | the Orb.
     0 | D:1      | Reached XP level 1. HP: 7/7 MP: 4/4
   187 | D:1      | Reached skill level 1 in Unarmed Combat
   210 | D:1      | Reached XP level 2. HP: 5/11 MP: 0/6
   300 | D:1      | Learned a level 2 spell: Passwall
   987 | D:3      | Reached XP level 3. HP: 11/14 MP: 7/7
  1478 | D:4      | Noticed Natasha
  1488 | D:4      | Found a sparkling altar of Nemelex Xobeh.
  1570 | D:4      | Killed Natasha
  1570 | D:4      | Reached XP level 4. HP: 18/18 MP: 5/8
  1604 | D:4      | Noticed Natasha
  1619 | D:4      | Killed Natasha
  1797 | D:4      | Noticed Natasha
  1803 | D:4      | Killed Natasha
  1803 | D:4      | Reached XP level 5. HP: 20/21 MP: 4/9
  2007 | D:4      | Found a staircase to the Ecumenical Temple.
  2012 | Temple   | Entered the Ecumenical Temple
  2164 | Temple   | Became a worshipper of Dithmenos the Shadowed
  3196 | D:2      | Learned a level 4 spell: Petrify
  3415 | D:2      | Found a sparkling altar of Nemelex Xobeh.
  3717 | D:2      | Reached * piety under Dithmenos
  4056 | D:3      | Gained mutation: You are covered in thick fur. (AC +2)
                  | [Felid growth]
  4056 | D:3      | Reached XP level 6. HP: 13/24 MP: 4/10
  5176 | D:4      | Noticed Eustachio
  5217 | D:4      | Killed Eustachio
  5217 | D:4      | Reached skill level 1 in Fighting
  5389 | D:5      | Entered Level 5 of the Dungeon
  5554 | D:5      | Reached XP level 7. HP: 5/28 MP: 1/11
  6247 | D:5      | Reached skill level 5 in Stealth
  6247 | D:5      | Reached skill level 5 in Unarmed Combat
  6580 | D:5      | Shot with an arrow by a centaur
  6581 | D:5      | Reached XP level 6. HP: -5/27 MP: 3/10
  6581 | D:5      | Quit the game

Vault maps used:
D:1:      onia_arrival_mini_maze
D:2:      marbit_many_paths
D:3:      first_ration
D:4:      minmay_temple_entry_nine_rooms, kennysheep_flooded_box, uniq_natasha,
          uniq_eustachio
Temple:   eino_temple_rhombus

Skill      XL: |  1  2  3  4  5  6  7 |
---------------+----------------------+-----
Stealth        | 3 4 5 |  5.2
Unarmed Combat | 1 2 3 4 5 |  5.1
Dodging        | 3 4 |  4.4
Earth Magic    | 3 4 |  4.0
Transmutations | 2 3 |  3.5
Fighting       | 1 2 |  2.4
Spellcasting   | |  2.0

Action                   |  1- 3 |  4- 6 |  7- 9 || total
-------------------------+-------+-------+-------++-------
Melee: Unarmed           |    42 |   183 |    41 ||   266
       Bite              |     2 |    17 |     6 ||    25
       Punch             |       |       |     2 ||     2
 Cast: Sandblast         |    18 |    42 |     9 ||    69
       Passwall          |     2 |     7 |       ||     9
       Petrify           |       |     2 |     7 ||     9
 Abil: Evoke Berserk Rag |     1 |     1 |       ||     2
  Use: Scroll            |       |     9 |     3 ||    12
       Potion            |       |     2 |     2 ||     4
 Stab: Sleeping          |     5 |    14 |       ||    19
       Petrified         |       |     4 |     3 ||     7
       Distracted        |       |       |     2 ||     2
       Petrifying        |       |       |     1 ||     1
  Eat: Chunk             |    10 |    10 |     4 ||    24
Armor: Skin              |     1 |    14 |     1 ||    16
Dodge: Dodged            |    49 |   159 |    28 ||   236

Table legend:
 A = Non-vault XP
 B = Vault XP
 C = Vault XP percentage of total XP
 D = Non-vault monster count
 E = Vault monster count
 F = Vault count percentage of total count
                 A         B        C        D         E       F
            +---------+---------+-------+---------+---------+-------
      Total |     982 |     237 |  19.4 |      86 |       3 |   3.4
            +---------+---------+-------+---------+---------+-------
        D:1 |      42 |       0 |   0.0 |      26 |       0 |   0.0
        D:2 |     102 |       5 |   4.7 |      16 |       1 |   5.9
        D:3 |      81 |       0 |   0.0 |      16 |       0 |   0.0
        D:4 |     225 |     232 |  50.8 |      16 |       2 |  11.1
        D:5 |     532 |       0 |   0.0 |      12 |       0 |   0.0
            +---------+---------+-------+---------+---------+-------
